 Dungeon Crawl Stone Soup version 0.26-a0-682-g294304f6e8 (webtiles) character file.

Game seed: 3361951570031005021

3250 Gargoyl the Fighter (level 9, 0/74 HPs)
             Began as a Gnoll Abyssal Knight on Oct 20, 2020.
             Was an Elder of Lugonu.
             Slain by an orc warrior
             ... wielding a +2 vorpal halberd
              (2 damage)
             ... on level 8 of the Dungeon.
             The game lasted 00:13:08 (8921 turns).

Gargoyl the Fighter (Gnoll Abyssal Knight)          Turns: 8921, Time: 00:13:09

Health: 0/74       AC: 18    Str: 15    XL:     9   Next: 99%
Magic:  16/16      EV:  7    Int: 14    God:    Lugonu [****..]
Gold:   176        SH:  0    Dex: 18    Spells: 17/17 levels left

rFire    . . .     SeeInvis .   r - +2 broad axe (vorpal)
rCold    . . .     Faith    .   (no shield)
rNeg     . . .     Spirit   .   c - +0 plate armour
rPois    .         Reflect  .   t - +0 helmet
rElec    .         Harm     .   s - +0 cloak
rCorr    .         Rampage  .   f - +2 pair of gloves
MR       .....                  (no boots)
Stlth    ..........             i - amulet of magic regeneration
HPRegen  0.22/turn              (no ring)
MPRegen  0.40/turn              (no ring)

@: no status effects
A: distributed training, fangs 1, strong nose
a: Depart the Abyss, Bend Space, Banish, Corrupt, Renounce Religion


You were on level 8 of the Dungeon.
You worshipped Lugonu.
Lugonu was greatly pleased with you.
You visited 1 branch of the dungeon, and saw 8 of its levels.
You visited the Abyss 1 time.

You collected 425 gold pieces.
You spent 249 gold pieces at shops.

Inventory:

Hand Weapons
 h - a +1 war axe
 l - a +0 war axe of flaming
 r - a +2 vorpal broad axe (weapon)
Missiles
 d - 32 poisoned darts (quivered)
Armour
 c - a +0 plate armour (worn)
 f - a +2 pair of gloves (worn)
 s - a +0 cloak (worn)
 t - a +0 helmet (worn)
Jewellery
 a - an uncursed ring of flight
 i - an amulet of magic regeneration (around neck)
Wands
 m - a wand of polymorph (7)
Scrolls
 b - 5 scrolls of teleportation
 e - 2 scrolls of remove curse
 k - 2 scrolls of magic mapping
 n - a scroll of identify
 p - a scroll of fear
Potions
 g - 4 potions of might
 j - a potion of curing
 o - 3 potions of flight


   Skills:
 + Level 8.2 Fighting
 + Level 4.7 Short Blades
 + Level 4.7 Long Blades
 + Level 6.7 Axes
 + Level 4.7 Maces & Flails
 + Level 4.7 Polearms
 + Level 4.7 Staves
 + Level 4.7 Slings
 + Level 4.7 Bows
 + Level 4.7 Crossbows
 + Level 4.7 Throwing
 + Level 6.7 Armour
 + Level 5.5 Dodging
 + Level 4.7 Stealth
 + Level 4.7 Shields
 + Level 4.7 Unarmed Combat
 + Level 4.7 Spellcasting
 + Level 3.9 Conjurations
 + Level 3.9 Hexes
 + Level 3.9 Summonings
 + Level 3.9 Necromancy
 + Level 3.9 Translocations
 + Level 3.9 Transmutations
 + Level 3.9 Fire Magic
 + Level 3.9 Ice Magic
 + Level 3.9 Air Magic
 + Level 3.9 Earth Magic
 + Level 3.9 Poison Magic
 + Level 7.0 Invocations
 + Level 4.7 Evocations


You had 17 spell levels left.
You didn't know any spells.
Your spell library contained the following spells:

 Spells                   Type           Power        Failure   Level
 Animate Skeleton         Necr           ##....       88%         1
 Pain                     Necr           ##..         88%         1
 Vampiric Draining        Necr           ##........   99%         3
 Animate Dead             Necr           ##........   100%        4
 Agony                    Necr           ##......     100%        5


Dungeon Overview and Level Annotations

Branches:
Dungeon (8/15)             Temple (0/1) D:5
   Lair: D:8-11

Altars:
Fedhas
Gozag
Sif Muna
Uskayaw
Yredelemnul

Shops:
D:5 *   D:7 (}(?:   D:8 (


Innate Abilities, Weirdness & Mutations

Your experience applies equally to all skills.
You have very sharp teeth.
Your uncanny sense of smell can sniff out nearby items.


Message History

You hit the orc warrior.
You bite the orc warrior, but do no damage.
The orc warrior is lightly wounded.
Your plate armour prevents you from hitting the orc.
You hit the orc warrior.
The orc warrior hits you with a +0 long sword!
The orc warrior hits you with a +2 vorpal halberd!
* * * LOW HITPOINT WARNING * * *
x2 The orc barely misses you.
Your plate armour prevents you from hitting the orc warrior.
You bite the orc warrior, but do no damage.
The orc warrior is lightly wounded.
You slash the orc!
You kill the orc!
Lugonu accepts your kill.
You hit the orc warrior.
The orc warrior hits you with a +0 long sword!
* * * LOW HITPOINT WARNING * * *
The orc warrior hits you with a +2 vorpal halberd.
You die...

#....#[...# ∆
####)()÷#.# ..
#..))#$####.###
#....#).).....#
#...)#..).....# ∆
#..(.#.......<#
#....#........# ##
#...o#........#
#..
#....@o.......#
#..##..)#........#
#.<.)..(####'#####
##.####.# # # #.#
#.. ####


You could see 2 orc warriors.

Vanquished Creatures
  Menkaure (D:7)
  A water moccasin (D:8)
  An orc warrior (D:8)
  3 ice beasts
  5 ogres
  A sky beast (D:7)
  2 phantoms
  2 centaurs
  2 bullfrogs
  A gnoll sergeant (D:8)
  A wyvern zombie (D:6)
  A scorpion (D:8)
  A howler monkey (D:7)
  7 wights
  A bullfrog zombie (D:6)
  3 hounds
  A jelly (D:5)
  Crazy Yiuf (D:7)
  3 orc priests
  3 iguanas
  4 orc wizards
  6 worker ants
  A hound zombie (D:7)
  2 hound skeletons
  11 gnolls
  7 adders
  A shadow imp (D:6)
  2 ufetubi
  3 oozes
  An adder zombie (D:7)
  5 worms
  6 dart slugs
  7 leopard geckos
  44 orcs
  5 giant cockroaches
  13 goblins
  4 hobgoblins
  5 jackals
  4 quokkas
  3 ball pythons
  8 bats
  8 frilled lizards
  3 kobolds
  A leopard gecko skeleton (D:5)
  A quokka skeleton (D:5)
  6 rats
202 creatures vanquished.

Vanquished Creatures (others)
  6 plants (D:1)
6 creatures vanquished.

Grand Total: 208 creatures vanquished

Notes
Turn   | Place    | Note
-------+----------+-------------------------------------------
     0 | Abyss:1  | Gargoyl the Gnoll Abyssal Knight began the quest for the
                  | Orb.
     0 | Abyss:1  | Reached XP level 1. HP: 23/23 MP: 3/3
    24 | Abyss:2  | Found a corrupted altar of Lugonu.
    66 | Abyss:2  | Noticed an ancient zyme
   112 | Abyss:2  | Noticed a starcursed mass
   114 | D:1      | Escaped the Abyss
   466 | D:1      | Reached XP level 2. HP: 29/29 MP: 5/5
   736 | D:1      | Reached * piety under Lugonu
   885 | D:1      | Reached XP level 3. HP: 35/35 MP: 6/6
  1494 | D:2      | Reached skill level 1 in Short Blades
  1494 | D:2      | Reached skill level 1 in Long Blades
  1494 | D:2      | Reached skill level 1 in Maces & Flails
  1494 | D:2      | Reached skill level 1 in Polearms
  1494 | D:2      | Reached skill level 1 in Staves
  1494 | D:2      | Reached skill level 1 in Slings
  1494 | D:2      | Reached skill level 1 in Bows
  1494 | D:2      | Reached skill level 1 in Crossbows
  1494 | D:2      | Reached skill level 1 in Throwing
  1494 | D:2      | Reached skill level 1 in Stealth
  1494 | D:2      | Reached skill level 1 in Shields
  1494 | D:2      | Reached skill level 1 in Unarmed Combat
  1494 | D:2      | Reached skill level 1 in Spellcasting
  1494 | D:2      | Reached skill level 1 in Evocations
  1500 | D:2      | Reached XP level 4. HP: 39/41 MP: 7/7
  1664 | D:2      | Reached skill level 1 in Conjurations
  1664 | D:2      | Reached skill level 1 in Hexes
  1664 | D:2      | Reached skill level 1 in Summonings
  1664 | D:2      | Reached skill level 1 in Necromancy
  1664 | D:2      | Reached skill level 1 in Translocations
  1664 | D:2      | Reached skill level 1 in Transmutations
  1664 | D:2      | Reached skill level 1 in Fire Magic
  1664 | D:2      | Reached skill level 1 in Ice Magic
  1664 | D:2      | Reached skill level 1 in Air Magic
  1664 | D:2      | Reached skill level 1 in Earth Magic
  1664 | D:2      | Reached skill level 1 in Poison Magic
  2138 | D:3      | Reached XP level 5. HP: 46/47 MP: 8/8
  2157 | D:3      | Reached ** piety under Lugonu
  3181 | D:3      | Found a blossoming altar of Fedhas.
  3234 | D:4      | Found a shimmering blue altar of Sif Muna.
  3236 | D:4      | Found a basalt altar of Yredelemnul.
  3240 | D:4      | Found a hide-covered altar of Uskayaw.
  3284 | D:4      | Reached skill level 5 in Invocations
  3290 | D:4      | Reached XP level 6. HP: 43/53 MP: 9/9
  3460 | D:4      | Reached skill level 5 in Axes
  3460 | D:4      | Reached skill level 5 in Armour
  3941 | D:5      | Entered Level 5 of the Dungeon
  4070 | D:5      | Found a staircase to the Ecumenical Temple.
  4175 | D:5      | Reached skill level 7 in Fighting
  4175 | D:5      | Reached XP level 7. HP: 14/60 MP: 10/10
  4734 | D:5      | Found an opulent altar of Gozag.
  4977 | D:5      | Found Tahol's Lightly-Used Armoury.
  5632 | D:6      | Reached XP level 8. HP: 60/67 MP: 12/12
  5831 | D:6      | Reached *** piety under Lugonu
  6128 | D:5      | HP: 3/67 [poisoned by an orc wizard]
  6136 | D:5      | HP: 2/67 [poisoned by an orc wizard]
  6144 | D:5      | HP: 2/67 [poisoned by an orc wizard]
  6990 | D:7      | Found Faskaug's Magic Scroll Boutique.
  7003 | D:6      | HP: 1/67 [ice beast (9)]
  7305 | D:7      | Reached XP level 9. HP: 70/72 MP: 14/14
  7363 | D:7      | Bought a scroll of teleportation for 33 gold pieces
  7375 | D:7      | Noticed Menkaure
  7381 | D:7      | Reached **** piety under Lugonu
  7384 | D:7      | Killed Menkaure
  7385 | D:7      | Found Comnu's Weapon Shop.
  7491 | D:7      | Found Goynontui's Book Shop.
  7586 | D:7      | Found Camai's Gadget Shop.
  7610 | D:7      | Reached skill level 5 in Dodging
  7802 | D:7      | Bought a +2 vorpal broad axe for 216 gold pieces
  7913 | D:7      | Found Anlompox's Weapon Boutique.
  7955 | D:7      | Found a runed translucent door.
  7958 | D:7      | Noticed Crazy Yiuf
  8068 | D:7      | Killed Crazy Yiuf
  8399 | D:8      | Found Fios's Antique Weapon Shoppe.
  8478 | D:8      | Reached skill level 8 in Fighting
  8921 | D:8      | HP: 2/74 [orc warrior/+0 long sword (15)]
  8921 | D:8      | Slain by an orc warrior

Illustrated notes

Levels and vault maps discovered:
D:1:      minmay_arrival_semitransparent, layout_loops_ring, minivault_27,
          chequers_serial_rivers_small_a, st_stairs_3, minmay_liquid_box,
          chequers_big_river, minmay_lizard_king
D:2:      layout_rooms, amethyst_killhole
D:3:      layout_loops_ring, fedhas_altar_4
D:4:      layout_cave_pools, grunt_temple_overflow_open, minmay_misc_feat_alley,
          serial_park_tiny_2, due_unseen_surprise
D:5:      layout_gridville, nicolae_gozag_seed_capital, temple_green,
          minmay_shop_damaged
D:6:      kennysheep_six_static_rooms, layout_cave_pools
D:7:      layout_cave_pools, serial_shops, shop, nicolae_shop_trees,
          nicolae_shop_statue_plus, nicolae_shop_trees, nicolae_shop_waterfront,
          uniq_menkaure, uniq_crazy_yiuf_cottage
D:8:      layout_basic, special_room [special_room_orc], serial_shops, shop

Skill      XL: |  1  2  3  4  5  6  7  8  9 |
---------------+----------------------------+-----
Short Blades   | 1 2 3 4 |  4.7
Long Blades    | 1 2 3 4 |  4.7
Maces & Flails | 1 2 3 4 |  4.7
Polearms       | 1 2 3 4 |  4.7
Staves         | 1 2 3 4 |  4.7
Slings         | 1 2 3 4 |  4.7
Bows           | 1 2 3 4 |  4.7
Crossbows      | 1 2 3 4 |  4.7
Throwing       | 1 2 3 4 |  4.7
Stealth        | 1 2 3 4 |  4.7
Shields        | 1 2 3 4 |  4.7
Unarmed Combat | 1 2 3 4 |  4.7
Spellcasting   | 1 2 3 4 |  4.7
Evocations     | 1 2 3 4 |  4.7
Conjurations   | 1 2 3 |  3.9
Hexes          | 1 2 3 |  3.9
Summonings     | 1 2 3 |  3.9
Necromancy     | 1 2 3 |  3.9
Translocations | 1 2 3 |  3.9
Transmutations | 1 2 3 |  3.9
Fire Magic     | 1 2 3 |  3.9
Ice Magic      | 1 2 3 |  3.9
Air Magic      | 1 2 3 |  3.9
Earth Magic    | 1 2 3 |  3.9
Poison Magic   | 1 2 3 |  3.9
Dodging        | 3 4 5 |  5.5
Invocations    | 5 6 7 |  7.0
Axes           | 5 6 |  6.7
Armour         | 5 6 |  6.7
Fighting       | 7 8 |  8.2

Action                   |  1- 3 |  4- 6 |  7- 9 || total
-------------------------+-------+-------+-------++-------
Melee: Hand axe          |    84 |   166 |    35 ||   285
       Bite              |     5 |    27 |    38 ||    70
       Punch             |       |     1 |     4 ||     5
       Quarterstaff      |       |    36 |     4 ||    40
       War axe           |       |       |   186 ||   186
       Broad axe         |       |       |   102 ||   102
Throw: Dart              |     8 |    10 |    24 ||    42
Invok: Depart the Abyss  |     1 |       |       ||     1
       Banish            |       |       |     2 ||     2
  Use: Potion            |     1 |       |     6 ||     7
       Scroll            |     3 |     6 |     5 ||    14
 Stab: Invisible         |       |       |     1 ||     1
Armor: Plate armour      |    98 |   177 |   310 ||   585
       Skin              |       |       |    18 ||    18
Dodge: Dodged            |    34 |    75 |   126 ||   235

Table legend: (Time is in decaauts)
 A = Elapsed time spent in this place.
 B = Non-inter-level travel time spent in this place.
 C = Inter-level travel time spent in this place.
 D = Time resting spent in this place.
 E = Time spent auto-exploring this place.
 F = Levels seen in this place.
 G = Mean time per level.
                   A        B        C        D        E       F      G
               +--------+--------+--------+--------+--------+-----+--------+
         Total |   9034 |   8850 |    184 |   2126 |   5000 |  10 |  903.4 |
       Dungeon |   8920 |   8736 |    184 |   2126 |   4955 |   8 | 1115.0 |
         Abyss |    113 |    113 |      0 |      0 |     45 |   2 |   56.5 |
               +--------+--------+--------+--------+--------+-----+--------+

Top non-repeatable levels by time:
     D:5: 1992 daAuts
     D:1: 1350 daAuts
     D:6: 1285 daAuts
     D:3: 1113 daAuts
     D:8: 839 daAuts
     D:7: 829 daAuts
     D:4: 822 daAuts
     D:2: 686 daAuts
 Abyss:2: 90 daAuts
 Abyss:1: 23 daAuts
